Map: Pillars of Gold LE

Players

AGOElazer (Elazer)

  • Race: Zerg Zerg
  • Spawn Location: 7:00

ShoWTimE - Winner!

  • Race: Protoss Protoss
  • League: Master
  • Spawn Location: 1:00

Event: DreamHack SC2 Masters 2020 Winter

VOD

Have the link to the VOD?

Description

Time

  • Played on: Nov. 1, 2020, 11:37 a.m.
  • Length: 11:31

All games in this series

Show
View Real Time Build Order
Export as new Build Order

AGOElazer Zerg 

Build Orders: Hatch First 

Get SALT Encoding   

  12  0:00  Drone  
  13  0:12  Overlord  
  13  0:17  Drone  
  14  0:30  Drone x2  
  16  0:43  Drone  
  17  0:52  Hatchery  
  17  0:55  Drone  
  17  0:59  Drone  
  18  1:09  Extractor  
  17  1:14  Spawning Pool  
  17  1:18  Drone  
  17  1:21  Drone  
  18  1:28  Drone  
  19  1:39  Drone  
  20  1:51  Overlord  
  20  2:00  Queen  
  22  2:04  Queen  
  22  2:05  Zergling x2  
  22  2:06  Drone  
  26  2:11  Zergling x2  
  26  2:13  Metabolic Boost  
  27  2:16  Drone  
  28  2:23  Drone  
  28  2:26  Drone  
  30  2:32  Drone  
  30  2:36  Drone  
  32  2:41  Queen  
  34  2:47  Overlord  
  34  2:51  Drone  
  35  2:56  Hatchery  
  34  2:58  Zergling x2  
  34  3:02  Drone  
  36  3:07  Overlord  
  36  3:09  Drone x2  
  36  3:11  Drone  
  40  3:12  Drone  
  40  3:14  Drone  
  40  3:16  Drone  
  42  3:22  Queen  
  44  3:27  Drone x2  
  44  3:29  Drone  
  44  3:31  Drone  
  44  3:32  Drone  
  49  3:38  Overlord  
  49  3:45  Drone  
  49  3:46  Drone x2  
  52  3:53  Overlord  
  52  3:56  Queen  
  52  4:00  Zergling x10  
  59  4:04  Roach Warren  
  58  4:11  Spore Crawler  
  58  4:13  Zergling x6  
  58  4:16  Queen  
  62  4:20  Zergling x2  
  62  4:21  Zergling x4  
  65  4:28  Spore Crawler  
  63  4:31  Overlord x2  
  63  4:36  Overlord  
  63  4:44  Roach  
  63  4:45  Overlord x2  
  65  4:50  Roach x5  
  75  4:53  Roach  
  75  4:58  Roach  
  75  4:59  Roach  
  80  5:07  Roach  
  80  5:09  Zergling x10  
  80  5:10  Spore Crawler  
  84  5:22  Overlord  
  84  5:23  Zergling x10  
  84  5:28  Drone  
  90  5:30  Drone x2, Overlord  
  90  5:32  Drone x2  
  90  5:33  Drone  
  90  5:35  Drone  
  95  5:37  Drone  
  95  5:41  Queen  
  98  5:43  Drone  
  98  5:44  Drone  
  100  5:50  Lair  
  100  5:53  Drone x2  
  102  5:59  Extractor x2  
  102  6:00  Drone x5  
  105  6:05  Extractor, Overlord  
  105  6:06  Drone x2  
  105  6:08  Drone  
  107  6:12  Drone x3  
  110  6:22  Overlord  
  110  6:23  Drone x4  
  114  6:25  Evolution Chamber  
  114  6:26  Drone x4  
  114  6:28  Drone x2  
  119  6:38  Drone x2, Overlord  
  119  6:40  Extractor  
  119  6:42  Extractor  
  117  6:53  Zerg Melee Weapons Level 1  
  118  6:54  Zergling x16  
  118  6:57  Hatchery, Zergling x6  
  118  7:01  Overlord  
  127  7:02  Zergling x4  
  127  7:06  Glial Reconstitution  
  129  7:10  Drone  
  129  7:12  Drone x2, Infestation Pit  
  129  7:15  Baneling Nest, Zergling x2  
  131  7:27  Roach x7  
  145  7:31  Overlord  
  144  7:40  Zergling x2  
  144  7:41  Zergling x6  
  148  7:47  Ravager x3  
  148  7:48  Overseer, Ravager  
  148  7:50  Drone, Hive  
  148  7:51  Drone x6  
  159  7:59  Drone x2  
  159  8:02  Overlord  
  159  8:03  Centrifical Hooks  
  159  8:04  Overlord  
  161  8:09  Zergling x4  
  163  8:15  Zergling x8  
  163  8:17  Zergling x2  
  168  8:20  Baneling x14  
  168  8:22  Hatchery  
  167  8:28  Baneling x8  
  167  8:31  Zergling x14  
  149  8:49  Roach x11  
  149  8:55  Roach x5  
  164  8:59  Ravager  
  164  9:00  Ravager x2  
  164  9:01  Zergling x6  
  166  9:05  Extractor  
  166  9:08  Zergling x12  
  170  9:13  Zergling x6  
  147  9:17  Zergling x10  
  147  9:19  Zergling x4  
  140  9:27  Roach x3  
  133  9:31  Roach x4  
  133  9:36  Viper, Ravager  
  145  9:39  Roach x3  
  145  9:41  Zergling x4  
  145  9:48  Zergling x14  
  145  9:50  Ravager  
  151  9:59  Roach x4  
  154  10:06  Roach x6  
  152  10:17  Roach x5  
  157  10:25  Baneling x3  
  157  10:28  Zergling x2  
  157  10:29  Zergling x4  
  157  10:34  Zergling x4  
  142  10:56  Extractor  
  141  10:59  Zergling x14  
  141  11:03  Roach Warren  
  120  11:08  Zergling x6  
  120  11:10  Zergling x6  
Show
View Real Time Build Order
Export as new Build Order

ShoWTimE Protoss - Winner!

Build Orders: 1 Gate Expand, Mass Adepts 

Get SALT Encoding   

  12  0:00  Probe  
  13  0:12  Probe  
  14  0:19  Pylon  
  14  0:24  Probe  
  15  0:37  Probe (Chrono Boost)  
  15  0:41  Gateway  
  16  0:47  Probe (Chrono Boost)  
  17  0:51  Assimilator  
  17  0:53  Probe  
  18  1:05  Probe  
  19  1:17  Probe  
  20  1:29  Nexus  
  20  1:39  Cybernetics Core  
  20  1:41  Probe  
  21  1:48  Assimilator  
  21  1:53  Probe  
  22  1:56  Pylon  
  22  2:06  Probe (Chrono Boost)  
  23  2:12  Adept (Chrono Boost)  
  23  2:15  Warp Gate  
  25  2:18  Probe (Chrono Boost)  
  26  2:23  Probe (Chrono Boost)  
  26  2:26  Twilight Council  
  27  2:32  Probe  
  27  2:37  Stalker (Chrono Boost)  
  28  2:41  Probe  
  31  2:45  Probe  
  32  2:53  Probe  
  32  2:56  Robotics Facility  
  32  2:58  Probe  
  34  3:05  Probe (Chrono Boost)  
  34  3:09  Gateway  
  35  3:17  Adept  
  35  3:18  Probe x2 (Chrono Boost)  
  39  3:24  Probe (Chrono Boost)  
  39  3:25  Resonating Glaives (Chrono Boost)  
  39  3:26  Probe (Chrono Boost)  
  41  3:32  Probe  
  42  3:35  Gateway  
  42  3:37  Probe  
  42  3:40  Pylon  
  43  3:45  Warp Prism (Chrono Boost)  
  43  3:53  Probe  
  46  3:57  Pylon  
  46  3:58  Assimilator, Probe  
  47  4:04  Adept x2  
  51  4:10  Probe x2  
  51  4:14  Robotics Bay  
  53  4:19  Pylon  
  53  4:22  Probe  
  53  4:23  Probe  
  55  4:29  Adept x2  
  59  4:33  Adept  
  59  4:36  Assimilator, Observer  
  62  4:39  Probe x2  
  62  4:41  Pylon  
  64  4:50  Adept x2  
  68  4:53  Adept  
  70  5:02  Pylon  
  70  5:06  Disruptor (Chrono Boost)  
  71  5:10  Gravitic Drive  
  71  5:14  Pylon  
  71  5:22  Pylon  
  71  5:27  Probe x2  
  73  5:29  Nexus  
  73  5:38  Forge  
  73  5:39  Disruptor (Chrono Boost), Probe x2  
  73  5:42  Observer  
  78  5:48  Shield Battery, Sentry  
  78  5:49  Sentry x2  
  84  5:52  Pylon, Probe  
  84  5:53  Probe  
  86  6:03  Protoss Ground Weapons Level 1  
  86  6:04  Probe  
  86  6:05  Probe, Immortal (Chrono Boost)  
  86  6:09  Pylon  
  92  6:17  Probe x2  
  94  6:21  Pylon  
  94  6:27  Assimilator  
  94  6:32  Probe  
  95  6:33  Colossus (Chrono Boost)  
  95  6:38  Probe  
  102  6:40  Blink (Chrono Boost)  
  102  6:43  Probe  
  102  6:44  Probe  
  104  6:50  Probe  
  105  6:55  Probe  
  105  6:56  Probe  
  105  6:59  Extended Thermal Lance  
  107  7:05  Gateway  
  107  7:06  Gateway  
  107  7:07  Sentry x2  
  111  7:10  Gateway, Phoenix  
  111  7:11  Assimilator  
  111  7:17  Gateway  
  111  7:21  Gateway, Probe x3  
  111  7:22  Pylon  
  114  7:25  Colossus (Chrono Boost)  
  120  7:36  Pylon  
  120  7:39  Pylon  
  120  7:43  Stalker x3  
  126  7:49  Pylon  
  126  7:52  Pylon  
  126  8:04  Stalker x3  
  132  8:09  Stalker x2  
  132  8:10  Stalker  
  138  8:18  Stalker  
  138  8:19  Stalker  
  142  8:33  Stalker x2  
  142  8:34  Stalker x4  
  146  8:59  Stalker x8  
  162  9:04  Pylon  
  162  9:06  Pylon  
  130  9:29  Stalker  
  130  9:30  Stalker x7  
  130  9:53  Stalker x8  
  146  10:05  Pylon, Observer  
  136  10:11  Adept x2  
  140  10:14  Stalker  
  140  10:20  Stalker x5  
  136  10:47  Stalker x8  
  139  11:10  Adept x2  
  124  11:12  Stalker x6  
Tags
 
Add a new tag
Caveats
  • Supply blocks, unpowered buildings, or Contaminate may cause inaccurate times.
  • Supply counts are checked every 10 seconds.